 Dungeon Crawl Stone Soup version 0.31-a0-618-g7ca08c1ff9 (webtiles) character file.

Game seed: 7312828785032344671

2958 javelincjr the Sneak (level 9, -1/59 HPs)
             Began as an Octopode Conjurer on Aug 21, 2023.
             Was a Follower of Vehumet.
             Slain by a centaur (2 damage)
             ... on level 8 of the Dungeon on Aug 22, 2023.
             The game lasted 00:35:01 (8203 turns).

javelincjr the Sneak (Octopode Conjurer)            Turns: 8203, Time: 00:35:01

Health: -1/59      AC:  1    Str:  7    XL:     9   Next: 81%
Magic:  20/28      EV: 14    Int: 24    God:    Vehumet [*.....]
Gold:   329        SH:  5    Dex: 10    Spells: 16/21 levels left

rFire   x . .        y - +6 falchion
rCold   + . .        (no shield)
rNeg    . . .        (helmet restricted)
rPois   .            u - amulet of reflection
rElec   .            j - ring of ice
rCorr   .            q - ring of magical power
SInv    .            (no ring)
Will    .....        (no ring)
Stlth   ++++         (no ring)
HPRegen 0.29/turn    (no ring)
MPRegen 0.21/turn    (no ring)
                     (no ring)

%: reflection
@: no status effects
A: almost no armour, amphibious, 8 rings, camouflage 1, gelatinous body 1,
(nimble swimmer 1), tentacles
a: Renounce Religion


You were on level 8 of the Dungeon.
You worshipped Vehumet.
Vehumet was aware of your devotion.
You visited 2 branches of the dungeon, and saw 9 of its levels.

You collected 329 gold pieces.

Inventory:

Hand Weapons
 f - a +1 spear of venom
 o - a +1 dagger of flaming
 y - a +6 falchion (weapon)
Missiles
 c - a throwing net
 s - 3 poisoned darts
Magical Staves
 g - a staff of death
Jewellery
 j - a ring of ice (left tentacle)
 q - a ring of magical power (right tentacle)
 u - an amulet of reflection (around mantle)
Wands
 m - a wand of acid (12)
 v - a wand of mindburst (18)
 w - a wand of flame (23)
Scrolls
 b - a scroll of revelation
 d - a scroll of identify {unknown}
 h - 3 scrolls of teleportation
 k - a scroll of vulnerability
 p - 2 scrolls of amnesia
 x - a scroll of torment {unknown}
 A - a scroll of summoning {unknown}
Potions
 a - 2 potions of magic
 e - 2 potions of heal wounds {unknown}
 i - 2 potions of berserk rage {unknown}
 l - a potion of mutation {unknown}
 n - a potion of degeneration {unknown}
 r - a potion of brilliance {unknown}
 t - 3 potions of curing {unknown}
 z - 2 potions of cancellation {unknown}


   Skills:
 + Level 4.7 Fighting
 + Level 5.6 Dodging
 + Level 7.8 Stealth
 * Level 6.6 Spellcasting
 + Level 6.5 Conjurations
 + Level 4.5 Summonings


You had 16 spell levels left.
You knew the following spells:

 Your Spells              Type           Power      Damage    Failure   Level
a - Magic Dart            Conj           100%       1d8       1%          1
b - Searing Ray           Conj           78%        2d7       1%          2
c - Call Imp              Summ           58%        N/A       1%          2

Your spell library contained the following spells:

 Spells                   Type           Power      Damage    Failure   Level
 Sandblast                Erth           16%        2d6       8%          1
 Dazzling Flash           Conj/Hex       46%        N/A       6%          3
 Mephitic Cloud           Conj/Pois/Air  18%        N/A       9%          3
 Cigotuvi's Dreadful Rot  Necr/Pois/Air  16%        N/A       11%         2
 Fulminant Prism          Conj/Hex       11%        3d9       19%         4
 Iskenderun's Mystic Bla  Conj/Tloc      23%        2d6       19%         4
 Dispel Undead            Necr           8%         3d8       58%         4
 Death Channel            Necr           4%         N/A       100%        6


Dungeon Overview and Level Annotations

Branches:
Dungeon (8/15)             Temple (1/1) D:6
   Lair: D:8-11

Altars:
Ashenzari
Cheibriados
Dithmenos
Elyvilon
Fedhas
Gozag
Hepliaklqana
Kikubaaqudgha
Makhleb
Nemelex Xobeh
Okawaru
Qazlal
Ru
Sif Muna
Uskayaw
Vehumet
Wu Jian
Xom
Yredelemnul
Zin
The Shining One

Shops:
D:4 ?

Annotations:
D:8 Grum


Innate Abilities, Weirdness & Mutations

You cannot wear most types of armour.
You are amphibious.
You can wear up to eight rings at the same time.
Your skin changes colour to match your surroundings (Stealth+).
Your rubbery body absorbs attacks. (AC +1, EV +1)
((You are camouflaged when in or above water. (Stealth+)))
You have tentacles for arms and can constrict up to eight enemies at once.


Message History

Aim: a centaur (88% to hit)
The searing ray hits the centaur but does no damage. (Press . to maintain the ray.)
You block the wolf's attack. The centaur hits you. The centaur kicks you.
The wolf barely misses you.
The searing ray hits the centaur.
The centaur is lightly wounded.
The centaur closely misses you. x2; The wolf closely misses you.
The centaur completely misses you. The centaur kicks you.
The searing ray hits the centaur.
The centaur is moderately wounded.
The wolf misses you. The centaur hits you. The centaur barely misses you.
The searing ray hits the centaur.
The centaur is heavily wounded.
You finish channelling your searing ray.
The centaur hits you. The centaur barely misses you.
The centaur closely misses you. The centaur kicks you.
The warg barely misses you.
Casting: Searing Ray (safe; 1% risk of failure)
Confirm with . or Enter, or press ? or * to list all spells.
A tiny devil pulls itself out of the air.
The centaur closely misses you.
The centaur kicks you but does no damage.
The warg bites you!
Casting: Call Imp (safe; 1% risk of failure)
Confirm with . or Enter, or press ? or * to list all spells.
Aiming: Searing Ray (safe; 1% risk of failure)
Press: ? - help, Shift-Dir - straight line, f/p - centaur
Aim: a centaur (heavily wounded, ally target, 88% to hit)
The searing ray hits the centaur!
The centaur is almost dead. (Press . to maintain the ray.)
The centaur hits you.
* * * LOW HITPOINT WARNING * * *
The centaur kicks you.
* * * LOW HITPOINT WARNING * * *
The warg bites you!
* * * LOW HITPOINT WARNING * * *
The centaur hits you.
You die...

....... .......##
.......)##### .....##...).#
### ..c.....###.##
..############.###..#
...#....# #hz#...#
........# ##hc.###
#.......# ###@.#########
........######...)........#
.###.......##.5...........#
.# ##.>...................#
## ##....................#
#....................#
#.......#............#
#.......#............#
.......>......#####.###


You could see a warg, a wolf, a centaur (ally target), a wight and a friendly
cerulean imp (summoned).

Vanquished Creatures
  Sigmund (D:5)
  Eustachio (D:4)
  A steam dragon (D:6)
  Menkaure (D:7)
  3 sky beasts
  2 ice beasts
  A wolf (D:7)
  A centaur (D:7)
  5 bullfrogs
  Blork the orc (D:4)
  A gnoll sergeant (D:5)
  2 scorpions
  6 wights
  4 killer bees (D:8)
  A jelly (D:6)
  3 orc priests
  4 hounds
  3 iguanas
  3 sleepcaps (D:7)
  Ijyb (D:4)
  Natasha (thrice) (D:3)
  4 gnolls
  7 adders
  A shadow imp (D:6)
  4 white imps
  An ufetubus (D:5)
  2 worms (D:3)
  5 dart slugs
  12 orcs
  6 endoplasms
  3 giant cockroaches
  10 goblins
  9 hobgoblins
  2 jackals (D:1)
  8 quokkas
  3 ball pythons
  7 bats
  4 frilled lizards
  6 kobolds
  3 rats (D:1)
145 creatures vanquished.

Notes
Turn   | Place    | Note
-------+----------+-------------------------------------------
     0 | D:1      | javelincjr the Octopode Conjurer began the quest for the
                  | Orb.
     0 | D:1      | Reached XP level 1. HP: 11/11 MP: 3/3
   244 | D:1      | Reached skill level 3 in Stealth
   244 | D:1      | Reached XP level 2. HP: 17/17 MP: 3/5
   768 | D:1      | Reached XP level 3. HP: 21/21 MP: 4/6
  1090 | D:1      | Learned a level 2 spell: Searing Ray
  1093 | D:1      | Learned a level 2 spell: Call Imp
  1640 | D:2      | Reached XP level 4. HP: 27/27 MP: 3/7
  2193 | D:3      | Noticed Natasha
  2197 | D:3      | Killed Natasha
  2308 | D:3      | Noticed Natasha
  2312 | D:3      | Killed Natasha
  2313 | D:3      | Reached skill level 1 in Fighting
  2313 | D:3      | Reached skill level 4 in Stealth
  2313 | D:3      | Reached XP level 5. HP: 30/33 MP: 2/9
  2341 | D:3      | Noticed Natasha
  2345 | D:3      | Killed Natasha
  2346 | D:3      | Reached skill level 1 in Summonings
  3118 | D:4      | Noticed Blork the orc
  3125 | D:4      | Killed Blork the orc
  3126 | D:4      | Reached XP level 6. HP: 33/38 MP: 10/10
  3193 | D:4      | Found Aneje's Magic Scroll Emporium.
  3206 | D:4      | Noticed Ijyb
  3217 | D:4      | Killed Ijyb
  3697 | D:4      | Found a shadowy altar of Dithmenos.
  3697 | D:4      | Noticed Eustachio
  3721 | D:4      | Killed Eustachio
  3722 | D:4      | Reached XP level 7. HP: 27/45 MP: 12/12
  3816 | D:4      | Reached skill level 5 in Stealth
  3816 | D:4      | Reached skill level 5 in Conjurations
  4184 | D:5      | Entered Level 5 of the Dungeon
  4234 | D:5      | Noticed Sigmund
  4817 | D:5      | Reached XP level 8. HP: 43/51 MP: 14/14
  4930 | D:5      | Killed Sigmund
  5137 | D:6      | Found a staircase to the Ecumenical Temple.
  5157 | Temple   | Entered the Ecumenical Temple
  5162 | Temple   | Became a worshipper of Vehumet
  5280 | D:6      | Reached skill level 6 in Stealth
  5296 | D:6      | Reached skill level 5 in Spellcasting
  5750 | D:6      | Reached XP level 9. HP: 58/58 MP: 12/17
  6004 | D:6      | Reached skill level 5 in Dodging
  6516 | D:7      | Noticed Menkaure
  6517 | D:7      | Reached * piety under Vehumet
  6517 | D:7      | Offered knowledge of Sandblast by Vehumet.
  6523 | D:7      | Killed Menkaure
  6524 | D:7      | Reached skill level 7 in Stealth
  6985 | D:7      | Found a broken altar of Ashenzari.
  6986 | D:7      | Found a stormy altar of Qazlal.
  7005 | D:7      | Upgraded the game from 0.31-a0-609-g7bf6ffcfed to
                  | 0.31-a0-618-g7ca08c1ff9
  7625 | D:8      | Noticed Grum
  8203 | D:8      | HP: 1/59 [warg (15)]
  8203 | D:8      | Slain by a centaur

Illustrated notes

Levels and vault maps discovered:
D:1:      lightli_arrival_isolated_outpost, layout_loops_ring, nrook_campfire,
          chequers_serial_rivers_small_b
D:2:      layout_basic, minmay_misc_feat_more_columns, minmay_cut_off
D:3:      layout_basic, columned_hall_lemuel, uniq_natasha
D:4:      nicolae_cairo_tiling_very_big, layout_cave_pools,
          mainiacjoe_overflow_cross_hatched, serial_shops,
          nicolae_shop_gibbet_a_chance, uniq_eustachio, uniq_blork_the_orc,
          uniq_ijyb
D:5:      layout_loops_ring, uniq_sigmund
D:6:      layout_cave_pools, minmay_temple_entry_wispy
D:7:      layout_loops_ring, gammafunk_temple_overflow_statue,
          roderic_st_hans_cross, uniq_menkaure
D:8:      layout_rooms, erik_lair_orcish_takeover, serial_shops, shop, uniq_grum
Temple:   dpeg_three_leaves_temple

Skill      XL: |  1  2  3  4  5  6  7  8  9 |
---------------+----------------------------+-----
Stealth        | 3 4 5 6 7 |  7.8
Fighting       | 1 2 3 4 |  4.7
Summonings     | 1 2 3 4 |  4.5
Spellcasting   | 3 4 5 6 |  6.6
Dodging        | 3 4 5 |  5.6
Conjurations   | 5 6 |  6.5

Action                     |  1- 3 |  4- 6 |  7- 9 || total
---------------------------+-------+-------+-------++-------
  Melee: Short sword       |    18 |       |       ||    18
         Unarmed           |     3 |       |       ||     3
         Constrict         |     6 |     1 |     5 ||    12
         Tentacles         |     3 |     2 |     7 ||    12
         Dagger            |       |     6 |       ||     6
         Falchion          |       |       |    22 ||    22
   Cast: Magic Dart        |    72 |    86 |   107 ||   265
         Searing Ray       |       |    10 |    56 ||    66
         Call Imp          |       |       |     9 ||     9
    Use: Scroll            |       |       |    10 ||    10
   Stab: Sleeping          |       |       |     2 ||     2
 Armour: Skin              |     6 |     1 |     4 ||    11
  Dodge: Dodged            |    15 |    11 |    74 ||   100
  Block: Other             |       |     3 |    22 ||    25
         Reflection        |       |     1 |     1 ||     2

Table legend: (Time is in decaauts)
 A = Elapsed time spent in this place.
 B = Non-inter-level travel time spent in this place.
 C = Inter-level travel time spent in this place.
 D = Time resting spent in this place.
 E = Time spent auto-exploring this place.
 F = Levels seen in this place.
 G = Mean time per level.
                   A        B        C        D        E       F      G
               +--------+--------+--------+--------+--------+-----+--------+
         Total |   8213 |   8057 |    156 |    714 |   6204 |   9 |  912.6 |
       Dungeon |   8197 |   8045 |    152 |    714 |   6204 |   8 | 1024.6 |
        Temple |     16 |     12 |      4 |      0 |      0 |   1 |   16.0 |
               +--------+--------+--------+--------+--------+-----+--------+

Top non-repeatable levels by time:
     D:7: 1439 daAuts
     D:5: 1142 daAuts
     D:1: 1110 daAuts
     D:2: 1071 daAuts
     D:4: 1067 daAuts
     D:6: 998 daAuts
     D:3: 937 daAuts
     D:8: 429 daAuts
  Temple: 16 daAuts
